 Dungeon Crawl Stone Soup version 0.31-a0-1178-gc5c9b8f871 (webtiles) character file.

Game seed: 6705336556767111480

185 LeprechaunX the Changeling (level 5, 0/35 HPs)
             Began as an Octopode Shapeshifter on Dec 11, 2023.
             Slain by a hound (5 damage)
             ... on level 4 of the Dungeon.
             The game lasted 00:03:21 (2347 turns).

LeprechaunX the Changeling (Octopode Shapeshifter)  Turns: 2347, Time: 00:03:22

Health: 0/35       AC:  1    Str: 14    XL:     5   Next: 64%
Magic:  5/5        EV: 13    Int: 12    God:
Gold:   197        SH:  0    Dex: 13    Spells: 4/4 levels left

rFire   . .          .
                       - Unarmed
rCold   . . .        (no shield)
rNeg    . . .        (helmet currently unavailable)
rPois   .            (no amulet)
rElec   .            (no ring)
rCorr   .            (no ring)
SInv    .            (no ring)
Will    .....        (no ring)
Stlth   ++           (no ring)
HPRegen 0.25/turn    (no ring)
MPRegen 0.09/turn    (no ring)
                     (no ring)

%: no passive effects
@: lethally poisoned (0 -> -4), beast-form
A: beast (slay +2), almost no armour, amphibious, 8 rings, camouflage 1,
gelatinous body 1, (nimble swimmer 1), tentacles
a: Begin Untransformation


You were on level 4 of the Dungeon.
You were a hulking beast.
You visited 1 branch of the dungeon, and saw 4 of its levels.

You collected 197 gold pieces.

Inventory:

Hand Weapons
 a - a +0 sling
Missiles
 k - 4 poisoned darts
Jewellery
 r - a +6 ring of intelligence
Talismans
 b - a beast talisman
 c - a flux talisman
Wands
 q - a wand of paralysis (1)
Scrolls
 d - 2 scrolls of fear {unknown}
 g - 5 scrolls of identify {unknown}
 h - 2 scrolls of revelation {unknown}
 j - 2 scrolls of noise {unknown}
 m - 2 scrolls of fog {unknown}
 p - a scroll of enchant armour {unknown}
 s - a scroll of amnesia {unknown}
 t - a scroll of blinking {unknown}
 u - a scroll of immolation {unknown}
 v - a scroll of torment {unknown}
Potions
 e - 2 potions of attraction {unknown}
 f - a potion of haste {unknown}
 i - a potion of might {unknown}
 l - a potion of lignification
 n - 2 potions of curing {unknown}
 o - a potion of enlightenment {unknown}


   Skills:
 + Level 2.3 Fighting
 + Level 1.5 Throwing
 - Level 2.0 Dodging
 + Level 3.7 Unarmed Combat
 + Level 1.3 Evocations
 * Level 4.3 Shapeshifting


You had 4 spell levels left.
You didn't know any spells.
Your spell library contained the following spells:

 Spells                   Type           Power      Damage    Failure   Level
 Volatile Blastmotes      Fire/Tloc      0%         2d10      69%         3
 Anguish                  Hex/Necr       0%         N/A       97%         4
 Cause Fear               Hex            0%         N/A       97%         4
 Fulminant Prism          Conj/Hex       0%         3d5       97%         4
 Iskenderun's Mystic Bla  Conj/Tloc      0%         2d3       97%         4
 Enfeeble                 Hex            0%         N/A       100%        7


Dungeon Overview and Level Annotations

Branches:
Dungeon (4/15)
 Temple: D:4-7

Altars:
Nemelex Xobeh
Xom
Zin

Shops:
D:2 *   D:4 =

Annotations:
D:3 1 runed translucent door, Crazy Yiuf


Innate Abilities, Weirdness & Mutations

You are a hulking beast.
Your limbs bulge with bestial killing power. (Slay +2)
You cannot wear most types of armour.
You are amphibious.
You can wear up to eight rings at the same time.
Your skin changes colour to match your surroundings (Stealth+).
Your rubbery body absorbs attacks. (AC +1, EV +1)
((You are camouflaged when in or above water. (Stealth+)))
You have tentacles for arms and can constrict up to eight enemies at once.


Message History

You tentacle-slap the scorpion.
The scorpion is almost dead.
You constrict the scorpion.
You feel very sick. The hound closely misses you. The scorpion misses you.
You are too injured to fight recklessly!
You are too injured to fight recklessly!
You are too injured to fight recklessly!
You are too injured to fight recklessly!
You are too injured to fight recklessly!
You are too injured to fight recklessly!
You are too injured to fight recklessly!
You are too injured to fight recklessly!
You are too injured to fight recklessly!
You are too injured to fight recklessly!
You are too injured to fight recklessly!
You are too injured to fight recklessly!
You are too injured to fight recklessly!
You are too injured to fight recklessly!
You are too injured to fight recklessly!
Unknown command.
You tentacle-slap the scorpion but do no damage.
The scorpion is almost dead.
You constrict the scorpion.
You kill the scorpion!
You feel very sick. The hound barely misses you.
Unknown command.
You tentacle-slap the hound. Your grab misses the hound.
The hound is lightly wounded.
You feel sick. The hound bites you.
* * * LOW HITPOINT WARNING * * *
The hound closely misses you.
Unknown command.
You completely miss the hound. You grab the hound.
The hound is lightly wounded.
You constrict the hound.
* * * LOW HITPOINT WARNING * * *
You feel sick. The hound bites you.
You die...

........### ...8.#
........... .....# #
..........####..∩.# .#
#.###.#.#.##......#..#
....#.#.#.##.##.<....#
.####.#.#.##.##..##..#
.###...##.......8....###
........................
.......##....###hh......
.##.......#### #†.......
.......#### #........
.......# #........
.##.#..# #........
..#.#..# #........
..>..... #........
......## #...B....


You could see a hound and a giant cockroach (asleep).

Vanquished Creatures
  A scorpion (D:4)
  A jelly (D:4)
  2 adders (D:3)
  A worm (D:2)
  2 orcs (D:3)
  8 bats
  8 endoplasms
  6 giant cockroaches
  8 goblins
  6 hobgoblins
  5 kobolds
  5 quokkas
  6 ball pythons
  2 frilled lizards
  7 rats
68 creatures vanquished.

Notes
Turn   | Place    | Note
-------+----------+-------------------------------------------
     0 | D:1      | LeprechaunX the Octopode Shapeshifter began the quest for
                  | the Orb.
     0 | D:1      | Reached XP level 1. HP: 13/13 MP: 1/1
    46 | D:1      | Reached XP level 2. HP: 4/18 MP: 2/2
   465 | D:1      | Reached XP level 3. HP: 17/23 MP: 3/3
   865 | D:2      | Found Nekaopn's Assorted Antiques.
  1258 | D:3      | Reached XP level 4. HP: 28/29 MP: 4/4
  1521 | D:3      | Found a glowing silver altar of Zin.
  1521 | D:3      | Noticed an angel
  1655 | D:3      | Found a shimmering altar of Xom.
  1754 | D:3      | Reached skill level 1 in Throwing
  1962 | D:3      | Found a sparkling altar of Nemelex Xobeh.
  1970 | D:3      | Reached skill level 4 in Shapeshifting
  2095 | D:3      | Found a runed translucent door.
  2096 | D:3      | Noticed Crazy Yiuf
  2216 | D:4      | Reached skill level 1 in Evocations
  2216 | D:4      | Reached XP level 5. HP: 17/34 MP: 5/5
  2337 | D:4      | Found Jutel's Jewellery Shop.
  2347 | D:4      | Slain by a hound

Illustrated notes

Levels and vault maps discovered:
D:1:      dpeg_arrival_subterranean_lakeside_camping, layout_rooms,
          hangedman_decor_riveting, chequers_serial_rivers_micro_b
D:2:      layout_rooms, serial_shops, nicolae_shop_dealshenge,
          nicolae_elevator_lobby_plus
D:3:      minmay_recursive_quarters, layout_basic, old_standard_altar,
          nemelex_dance_club_becter, zin_angel, uniq_crazy_yiuf_cottage
D:4:      layout_basic, serial_shops, shop_statue, moated_statue

Skill      XL: |  1  2  3  4 |
---------------+-------------+-----
Fighting       | 2 |  2.3
Throwing       | 1 |  1.5
Shapeshifting  | 4 |  4.3
Evocations     | 1 |  1.3
Dodging        | |  2.0
Unarmed Combat | |  3.7

Action                     |  1- 3 |  4- 6 || total
---------------------------+-------+-------++-------
  Melee: Unarmed           |    81 |    57 ||   138
         Constrict         |    20 |    12 ||    32
         Tentacles         |    14 |    14 ||    28
         Punch             |     2 |       ||     2
   Stab: Sleeping          |    10 |     7 ||    17
         Distracted        |       |     1 ||     1
 Armour: Skin              |    26 |    19 ||    45
  Dodge: Dodged            |    41 |    29 ||    70

Table legend: (Time is in decaauts)
 A = Elapsed time spent in this place.
 B = Non-inter-level travel time spent in this place.
 C = Inter-level travel time spent in this place.
 D = Time resting spent in this place.
 E = Time spent auto-exploring this place.
 F = Levels seen in this place.
 G = Mean time per level.
                   A        B        C        D        E       F      G
               +--------+--------+--------+--------+--------+-----+--------+
         Total |   2337 |   2229 |    108 |      0 |   1774 |   4 |  584.2 |
       Dungeon |   2337 |   2229 |    108 |      0 |   1774 |   4 |  584.2 |
               +--------+--------+--------+--------+--------+-----+--------+

Top non-repeatable levels by time:
     D:3: 1002 daAuts
     D:1: 637 daAuts
     D:2: 495 daAuts
     D:4: 202 daAuts
